 Dungeon Crawl Stone Soup version 0.20-a0-351-gc9b4002 (webtiles) character file.

10 4thArraOfDagon the Magician (level 2, 0/19 HPs)
             Began as a Mummy Air Elementalist on Dec 25, 2016.
             Was an Initiate of Sif Muna.
             Killed by divine providence
             ... invoked by an orc priest
              (14 damage)
             ... on level 5 of the Dungeon.
             The game lasted 00:02:38 (389 turns).

4thArraOfDagon the Magician (Mummy Air Elementalist) Turns: 389, Time: 00:02:38

Health: 0/19       AC:  2    Str: 11    XL:     2   Next: 10%
Magic:  5/5        EV: 12    Int: 14    God:    Sif Muna [......]
Gold:   80         SH:  0    Dex: 12    Spells: 5/6 levels left

rFire  x . .     SeeInvis .     i - +0 rapier
rCold  + . .     Gourm    .     a - +0 robe
rNeg   + + +     Faith    .     (no shield)
rPois  ∞         Spirit   .     (no helmet)
rElec  .         Reflect  .     (no cloak)
rCorr  .         Harm     .     (no gloves)
MR     .....                    (no boots)
Stlth  ++........               (no amulet)
                                (no ring)
                                (no ring)

@: very slightly contaminated
A: no food or potions, fire vulnerability, cold resistance 1, negative energy
resistance 3, torment resistance, unbreathing
a: Renounce Religion


You were on level 5 of the Dungeon.
You worshipped Sif Muna.
Sif Muna was noncommittal.
You were not hungry.

You visited 1 branch of the dungeon, and saw 5 of its levels.

You collected 80 gold pieces.

Inventory:

Hand Weapons
 g - a +1 club
 i - a +0 rapier (weapon)
Armour
 a - a +0 robe (worn)
Scrolls
 c - a scroll of enchant weapon
 e - a scroll of magic mapping {unknown}
 h - a scroll of teleportation {unknown}
Books
 b - a book of Air

   Spells                             Type                      Level
   a - Shock                          Conjuration/Air              1
   b - Swiftness                      Charms/Air                   2
   c - Repel Missiles                 Charms/Air                   2
   d - Static Discharge               Conjuration/Air              3
   e - Lightning Bolt                 Conjuration/Air              5
 d - a book of Maledictions

   Spells                             Type                      Level
   a - Corona                         Hexes                        1
   b - Ensorcelled Hibernation        Hexes/Ice                    2
   c - Confuse                        Hexes                        3
   d - Tukima's Dance                 Hexes                        3
   e - Dazzling Spray                 Conjuration/Hexes            3


   Skills:
 - Level 1.5 Dodging
 - Level 1.5 Stealth
 - Level 2.6 Spellcasting
 * Level 1.4 Conjurations
 * Level 2.6 Air Magic


You had 5 spell levels left.
You knew the following spells:

 Your Spells              Type           Power        Failure   Level  Hunger
a - Shock                 Conj/Air       #...         12%         1    N/A

Dungeon Overview and Level Annotations

Branches:
Dungeon (5/15)
 Temple: D:4-7

Altars:
Sif Muna

Annotations:
D:4 Grinder


Innate Abilities, Weirdness & Mutations

You do not eat or drink.
Your flesh is vulnerable to fire.
You are immune to poison.
Your flesh is cold resistant. (rC+)
You are immune to negative energy. (rN+++)
You are immune to unholy pain and torment.
You can survive without breathing.


Message History

Unknown command.
The adder completely misses you.
You climb downwards.
A quokka, 3 orcs, an orc priest and an orc wizard come into view.
An orc is wielding a morningstar of protection.
The orc wizard shouts!
The orc shouts!
The orc priest shouts!
The orc shouts! x2
You hear an angry hiss.
Found a gnarled jewelled staff.
Found an escape hatch in the floor.
There is a stone staircase leading up here.
Unknown command.
The orc closely misses you.
Found a silvery potion.
An adder comes into view.
The adder closely misses you.
Unknown command.
Unknown command.
The orc priest invokes the aid of Beogh against you.
Beogh smites you!
Ouch! That really hurt!
You die...

## .. ## ######
####.#.##......
#.r.o.o|...S.#
#o.S# #o#o#
#S..# #.### #@#
#.......#
#####....
#..>..#
#...!...
#.........
+.........
#.........#


You could see an orc priest, an orc wizard, 2 adders and 2 orcs.

Vanquished Creatures
  A giant cockroach (D:1)
  A goblin (D:1)
  2 hobgoblins
  A kobold (D:3)
  A bat (D:3)
  3 frilled lizards (D:3)
  A rat (D:1)
10 creatures vanquished.

Notes
Turn   | Place    | Note
-------+----------+-------------------------------------------
     0 | D:1      | 4thArraOfDagon the Mummy Air Elementalist began the quest for the Orb.
     0 | D:1      | Reached XP level 1. HP: 13/13 MP: 4/4
    91 | D:1      | Reached skill level 1 in Conjurations
   217 | D:4      | Noticed Grinder
   316 | D:3      | Reached XP level 2. HP: 15/19 MP: 2/5
   361 | D:3      | Found a deep blue altar of Sif Muna.
   369 | D:3      | Became a worshipper of Sif Muna the Loreminder
   385 | D:5      | Entered Level 5 of the Dungeon
   389 | D:5      | Killed from afar by an orc priest

Vault maps used:
D:1:      minmay_arrival_plants_in_alcoves
D:2:      marbit_many_paths, first_bread, doesnt_xom_only_xom
D:3:      old_standard_altar, uniq_iyjb
D:4:      cheibrodos_quashed, uniq_grinder
D:5:      corexii_shantytown, serial_shops,
          nicolae_shop_competitors_out_of_business, cheibrodos_gnoll_hut

Skill      XL: |  1 |
---------------+----+-----
Conjurations   | 1 |  1.4
Dodging        | |  1.5
Stealth        | |  1.5
Spellcasting   | |  2.6
Air Magic      | |  2.6

Action                   || total
-------------------------++-------
Melee: Unarmed           ||     2
       Club              ||     2
 Cast: Shock             ||    14
  Use: Scroll            ||     2
Armor: Robe              ||    11
Dodge: Dodged            ||    31
